 Dungeon Crawl Stone Soup version 0.31-a0-188-g5e087ee2ca (webtiles) character file.

Game seed: 4942110919913717209

581 lessens the Cudgeller (level 7, -1/52 HPs)
             Began as a Formicid Fighter on June 18, 2023.
             Was an Initiate of Okawaru.
             Slain by a gnoll bouda
             ... wielding a +0 club
              (3 damage)
             ... on level 4 of the Dungeon on June 24, 2023.
             The game lasted 00:05:55 (5066 turns).

lessens the Cudgeller (Formicid Fighter)            Turns: 5066, Time: 00:05:56

Health: -1/52      AC:  6    Str: 23    XL:     7   Next: 63%
Magic:  7/7        EV:  9    Int:  7    God:    Okawaru [......]
Gold:   153        SH:  5    Dex: 13    Spells: 6/6 levels left

rFire   . . .        s - +0 morningstar
rCold   . . .        c - +0 buckler
rNeg    . . .        b - +0 scale mail
rPois   +            (helmet unavailable)
rElec   .            (no cloak)
rCorr   .            (no gloves)
SInv    +            (no boots)
Will    .....        (no amulet) Stlth
                     d - ring of poison resistance
HPRegen 0.28/turn    (no ring)
MPRegen 0.10/turn

%: no passive effects
@: no status effects
A: permanent stasis, dig shafts and tunnels, antennae 3, four strong arms
a: Dig, Shaft Self, Renounce Religion


You were on level 4 of the Dungeon.
You worshipped Okawaru.
Okawaru was noncommittal.
You visited 2 branches of the dungeon, and saw 6 of its levels.

You collected 153 gold pieces.

Inventory:

Hand Weapons
 a - a +0 flail
 s - a +0 morningstar (weapon)
Missiles
 g - 42 stones
 l - 4 curare-tipped darts
 m - 7 boomerangs
 n - 23 poisoned darts
Armour
 b - a +0 scale mail (worn)
 c - a +0 buckler (worn)
Jewellery
 d - a ring of poison resistance (left hand)
 i - a ring of magical power
Wands
 y - a wand of iceblast (9)
Scrolls
 e - 2 scrolls of fog {unknown}
 j - 2 scrolls of blinking {unknown}
 o - a scroll of enchant armour {unknown}
 q - a scroll of amnesia {unknown}
 r - 4 scrolls of teleportation {unknown}
 u - a scroll of immolation {unknown}
 v - 2 scrolls of identify {unknown}
 A - a scroll of noise {unknown}
Potions
 f - a potion of resistance {unknown}
 h - 2 potions of curing
 k - a potion of cancellation
 p - 2 potions of magic {unknown}
 t - a potion of brilliance {unknown}
 w - a potion of attraction {unknown}
 x - a potion of degeneration {unknown}
 z - a potion of berserk rage {unknown}


   Skills:
 - Level 3.2 Fighting
 + Level 7.9 Maces & Flails
 - Level 3.2 Armour
 - Level 4.0 Shields


You had 6 spell levels left.
You didn't know any spells.
Your spell library contained the following spells:

 Spells                   Type           Power      Damage    Failure   Level
 Shock                    Conj/Air       0%         1d3       80%         1
 Airstrike                Air            0%         2d(0-16)  100%        4
 Swiftness                Air            Unusable   N/A       N/A         3

Dungeon Overview and Level Annotations

Branches:
Dungeon (5/15) Zot: 25114  Temple (1/1) D:4 Zot: 5766

Altars:
Ashenzari
Cheibriados
Dithmenos
Elyvilon
Fedhas
Gozag
Kikubaaqudgha
Makhleb
Nemelex Xobeh
Okawaru
Qazlal
Ru
Sif Muna
Trog
Uskayaw
Wu Jian
Xom
Yredelemnul
Zin
The Shining One

Shops:
D:2 :


Innate Abilities, Weirdness & Mutations

You cannot be hasted, slowed, berserked, paralysed or teleported.
You can dig through walls and to a lower floor.
You have a pair of large antennae on your head. (SInv)
Your four strong arms can wield two-handed weapons with a shield.


Message History

You kill the gnoll!
Okawaru accepts your kill.
There is a stone staircase leading up here.
You hit the gnoll but do no damage. The gnoll hits you with a +0 club.
The gnoll bouda hits you with a +0 club!
The gnoll hits you with a +0 club. The gnoll barely misses you.
You climb upwards.
There is a stone staircase leading down here.
You puncture the gnoll!
The gnoll is severely wounded.
You block the gnoll bouda's attack. The gnoll hits you but does no damage.
The gnoll hits you with a +0 club!
You thump the gnoll!
You kill the gnoll!
Okawaru accepts your kill. The gnoll bouda completely misses you.
The gnoll barely misses you.
Things that are here:
a +0 club; a gnoll corpse You closely miss the gnoll bouda.
The gnoll bouda hits you with a +0 club!
You puncture the gnoll bouda!
The gnoll bouda is severely wounded.
The gnoll bouda hits you with a +0 club.
You closely miss the gnoll bouda.
The gnoll bouda is severely wounded.
The gnoll bouda hits you with a +0 club!
* * * LOW HITPOINT WARNING * * *
You hit the gnoll bouda.
The gnoll bouda is severely wounded.
The gnoll bouda hits you with a +0 club!
* * * LOW HITPOINT WARNING * * *
The gnoll bouda hits you with a +0 club.
* * * LOW HITPOINT WARNING * * *
You feel better.
The gnoll bouda hits you with a +0 club!
* * * LOW HITPOINT WARNING * * *
It was a potion of cancellation.
You feel magically purged.
The gnoll is no longer moving quickly.
The gnoll bouda hits you with a +0 club.
You die...

.##.##########...# ....#
########### ####### .####
#≈≈≈≈≈≈≈≈# #...... #.##
######).......########## ##.#####
#..............._# #....
##....###.####........#### #.###
##.........# #≈≈≈≈≈≈≈≈# #.#
#..#####.####################.##
.#.# #.###....@gg............#
##.# #.......###.#######.##..#
##.# #.####......### #.##..#
##.#####.)...........# #.##..#
##.....).#.....###.#.# #.##.<#
#####..........# #.#.### #.##..##
#####..........###.#...###......[
.......####.............#####....
###...## ###....#.......#####.##


You could see a gnoll bouda and a gnoll.

Vanquished Creatures
  Sigmund (D:2)
  Blork the orc (D:4)
  A hound (D:4)
  Jessica (D:3)
  An iguana (D:4)
  Terence (D:2)
  Natasha (twice) (D:1)
  2 orc wizards (D:3)
  3 adders
  4 gnolls
  A worm (D:2)
  4 dart slugs
  4 orcs
  5 ball pythons
  5 bats
  A bat zombie (D:4)
  5 endoplasms
  2 giant cockroaches
  6 goblins
  4 hobgoblins
  11 jackals
  2 quokkas
  2 frilled lizards
  6 kobolds
  3 rats
  A rat zombie (D:4)
79 creatures vanquished.

Notes
Turn   | Place    | Note
-------+----------+-------------------------------------------
     0 | D:1      | lessens the Formicid Fighter began the quest for the Orb.
     0 | D:1      | Reached XP level 1. HP: 18/18 MP: 1/1
     0 | D:1      | Upgraded the game from 0.31-a0-177-g4aa6249778 to
                  | 0.31-a0-188-g5e087ee2ca
     2 | D:1      | Noticed a demonspawn
     4 | D:1      | Noticed a meteoran
     4 | D:1      | Noticed a naga
     6 | D:1      | Noticed a minotaur
     6 | D:1      | Noticed an octopode
     8 | D:1      | Noticed a troll
    10 | D:1      | Noticed a merfolk
    10 | D:1      | Noticed an elf
    12 | D:1      | Noticed a formicid
    12 | D:1      | Noticed a vampire
    15 | D:1      | Noticed a felid
    15 | D:1      | Noticed a demigod
    17 | D:1      | Noticed a gargoyle
    19 | D:1      | Noticed an armataur
    19 | D:1      | Noticed a tengu
    21 | D:1      | Noticed an ogre
    21 | D:1      | Noticed a spriggan
    23 | D:1      | Noticed a draconian
    23 | D:1      | Noticed a ghoul
    25 | D:1      | Noticed a human
    25 | D:1      | Noticed an elf
    27 | D:1      | Noticed a meteoran
   372 | D:1      | Reached XP level 2. HP: 24/24 MP: 2/2
   850 | D:2      | Reached skill level 3 in Maces & Flails
   873 | D:1      | Reached XP level 3. HP: 22/29 MP: 3/3
  1067 | D:2      | Noticed Natasha
  1067 | D:2      | Noticed Terence
  1073 | D:1      | Killed Natasha
  1074 | D:1      | Reached skill level 4 in Maces & Flails
  1074 | D:1      | Reached XP level 4. HP: 32/35 MP: 4/4
  1221 | D:1      | Noticed Natasha
  1228 | D:1      | Killed Natasha
  1306 | D:2      | Found Emonez's Book Boutique.
  1618 | D:2      | Killed Terence
  1619 | D:2      | Reached skill level 5 in Maces & Flails
  1619 | D:2      | Reached XP level 5. HP: 36/41 MP: 5/5
  1786 | D:2      | Noticed Sigmund
  1800 | D:2      | Killed Sigmund
  1801 | D:2      | Reached skill level 6 in Maces & Flails
  1801 | D:2      | Reached XP level 6. HP: 16/47 MP: 6/6
  3366 | D:3      | Noticed Jessica
  3380 | D:3      | Killed Jessica
  3381 | D:3      | Reached skill level 7 in Maces & Flails
  3381 | D:3      | Reached XP level 7. HP: 41/52 MP: 7/7
  3957 | D:4      | Noticed Blork the orc
  3964 | D:4      | Killed Blork the orc
  4394 | D:4      | Found an ancient bone altar of Kikubaaqudgha.
  4501 | D:4      | Found a staircase to the Ecumenical Temple.
  4619 | Temple   | Entered the Ecumenical Temple
  4703 | Temple   | Became a worshipper of Warmaster Okawaru
  5044 | D:5      | Entered Level 5 of the Dungeon
  5044 | D:5      | Found a sparkling altar of Nemelex Xobeh.
  5044 | D:5      | Found a stormy altar of Qazlal.
  5044 | D:5      | Found a blossoming altar of Fedhas.
  5044 | D:5      | Found a shadowy altar of Dithmenos.
  5064 | D:4      | HP: 2/52 [gnoll bouda/+0 club (4)]
  5066 | D:4      | Slain by a gnoll bouda

Illustrated notes

Levels and vault maps discovered:
D:1:      kb_arrival_jail, layout_loops_corners
D:2:      layout_rooms, serial_shops, nicolae_shop_peninsula, uniq_natasha,
          uniq_terence, uniq_sigmund
D:3:      layout_loops_corners, uniq_jessica
D:4:      layout_loops_ring, lemuel_zombie_altar_kikubaaqudgha,
          minmay_temple_entry_fiery, uniq_blork_the_orc
D:5:      layout_basic, chequers_temple_overflow_statue_of_worship,
          minmay_misc_feat_encased, minmay_misc_feat_roman
Temple:   bh_familiar_temple

Skill      XL: |  1  2  3  4  5  6 |
---------------+-------------------+-----
Maces & Flails | 3 4 5 6 7 |  7.9
Fighting       | |  3.2
Armour         | |  3.2
Shields        | |  4.0

Action                     |  1- 3 |  4- 6 |  7- 9 || total
---------------------------+-------+-------+-------++-------
  Melee: Flail             |    59 |    28 |       ||    87
         Morningstar       |       |    78 |    69 ||   147
    Use: Potion            |     1 |     2 |     2 ||     5
 Armour: Scale mail        |    32 |    28 |    23 ||    83
  Dodge: Dodged            |    37 |    44 |    25 ||   106
  Block: Buckler           |    24 |    14 |     9 ||    47

Table legend: (Time is in decaauts)
 A = Elapsed time spent in this place.
 B = Non-inter-level travel time spent in this place.
 C = Inter-level travel time spent in this place.
 D = Time resting spent in this place.
 E = Time spent auto-exploring this place.
 F = Levels seen in this place.
 G = Mean time per level.
                   A        B        C        D        E       F      G
               +--------+--------+--------+--------+--------+-----+--------+
         Total |   5117 |   4087 |   1030 |     67 |   3300 |   6 |  852.8 |
       Dungeon |   4884 |   3889 |    995 |     67 |   3112 |   5 |  976.8 |
        Temple |    233 |    199 |     34 |      0 |    188 |   1 |  233.0 |
               +--------+--------+--------+--------+--------+-----+--------+

Top non-repeatable levels by time:
     D:1: 1815 daAuts
     D:4: 1202 daAuts
     D:3: 1097 daAuts
     D:2: 756 daAuts
  Temple: 233 daAuts
     D:5: 13 daAuts

Levels and vault maps discovered:
D:1:      kb_arrival_jail, layout_loops_corners
D:2:      layout_rooms, serial_shops, nicolae_shop_peninsula, uniq_natasha,
          uniq_terence, uniq_sigmund
D:3:      layout_loops_corners, uniq_jessica
D:4:      layout_loops_ring, lemuel_zombie_altar_kikubaaqudgha,
          minmay_temple_entry_fiery, uniq_blork_the_orc
D:5:      layout_basic, chequers_temple_overflow_statue_of_worship,
          minmay_misc_feat_encased, minmay_misc_feat_roman
Temple:   bh_familiar_temple
